Description

quick ZvZ

Replay - Anka v RazorTheHack - Submarine LE

Build Order

Get SALT Encoding   

  12  0:00  Drone  
  13  0:13  Overlord  
  13  0:17  Drone  
  14  0:33  Drone x2  
  16  0:43  Spawning Pool  
  16  0:44  Drone  
  16  0:49  Drone  
  17  0:58  Drone  
  17  1:03  Extractor  
  17  1:09  Drone  
  18  1:19  Hatchery  
  17  1:30  Queen  
  19  1:33  Drone x2  
  21  1:44  Evolution Chamber  
  20  1:53  Overlord  
  21  2:12  Zerg Melee Weapons Level 1  
  21  2:13  Zergling x4  
  23  2:24  Zergling x2  
  24  2:34  Zergling x4  
  26  2:41  Zergling x6  
  29  2:52  Zergling x4  
  36  3:14  Overlord  
  36  3:16  Metabolic Boost  
  36  3:28  Lair  
  36  3:32  Queen  
  40  3:56  Roach Warren  
  38  4:45  Extractor x2  
  37  4:48  Glial Reconstitution  
  37  4:50  Roach x4  
  44  4:56  Overlord  
  44  5:05  Overseer  
  47  5:29  Roach x2  
  47  5:31  Overlord  
  44  5:57  Roach x4  
Spawning Tool Build Advisor. Get it on Overwolf

Go to:

Details

  • Created by: RazorTheHackman
  • Published on: Sep 07, 2020
  • Modified on: Sep 07, 2020
  • Patch: 4.11.0
  • Difficulty: Medium
Show
View Real Time Build Order
Export as new Build Order

Comments (0)

There are no comments. Be the first!

Create an account to comment!